[Event "Titled Tuesday Blitz February 28 Early 2023"]
[White "Cadena M, Gustavo Adolfo"]
[Black "Idnani, Roshan"]
[WhiteFideId "4404815"]
[BlackFideId "2072939"]
[WhiteElo "2259"]
[BlackElo "2295"]
[Result "0-1"]
[Round "01"]
[TimeControl "180+2"]
[Date "2023.02.28"]
[WhiteClock "0:00:05"]
[BlackClock "0:01:06"]

1. d4 Nf6 2. c4 g6 3. Nc3 Bg7 4. e4 O-O 5. f4 d6 6. Nf3 Nbd7 7. Bd3 e5 8. fxe5 dxe5 9. d5 Re8 10. O-O Nc5 11. Be3 Nxd3 12. Qxd3 Ng4 13. Bg5 f6 14. Bh4 c6 15. Bf2 Nxf2 16. Rxf2 Bd7 17. Kh1 Qb6 18. Rd2 Rad8 19. Rad1 c5 20. Qe3 Qd6 21. Rc2 b6 22. a4 f5 23. Nb5 Bxb5 24. axb5 f4 25. Qe2 h6 26. Ra1 Re7 27. Nh4 Kh7 28. Qg4 h5 29. Qh3 Bf6 30. Rf2 Red7 31. g3 Qe7 32. Ng2 fxg3 33. hxg3 Rf8 34. Raf1 Rdd8 35. g4 h4 36. g5 Bxg5 37. Qg4 Kh6 38. Kh2 Rxf2 39. Rxf2 Rf8 40. Rf3 Rxf3 41. Qxf3 Qf6 42. Qg4 Qf2 43. Kh1 Qxb2 44. Qc8 Bf6 45. Qf8+ Kg5 46. Qc8 Qb1+ 47. Kh2 Qxe4 48. d6 Qxc4 49. d7 Qd5 50. Qc6 Qxc6 51. bxc6 Bd8 52. Ne3 Kf6 53. Nd5+ Ke6 54. c7 Bxc7 55. Nxc7+ Kxd7 56. Nb5 a6 57. Kg2 axb5 0-1


[Site "https://www.chess.com"]

[Event "Titled Tuesday Blitz February 28 Early 2023"]
[White "Tsyhanchuk, Stanislav"]
[Black "Itgelt, Khuyagtsogt"]
[WhiteFideId "13505130"]
[BlackFideId "4902912"]
[WhiteElo "2173"]
[BlackElo "2227"]
[Result "0-1"]
[Round "01"]
[TimeControl "180+2"]
[Date "2023.02.28"]
[WhiteClock "0:00:21"]
[BlackClock "0:00:20"]

1. c4 Nf6 2. Nc3 c6 3. e3 g6 4. Nf3 Bg7 5. d4 d5 6. Be2 O-O 7. O-O Bg4 8. cxd5 cxd5 9. Qb3 b6 10. h3 Bxf3 11. Bxf3 e6 12. Bd2 Nc6 13. Be2 Qe7 14. Rac1 Na5 15. Qa4 a6 16. Bd3 Rfc8 17. Ne2 Qb7 18. Rc3 Rxc3 19. Bxc3 Nc6 20. Qb3 b5 21. a4 b4 22. Bd2 Bf8 23. Rc1 Na5 24. Qd1 Ne8 25. b3 Nd6 26. Rc5 Ndc4 27. bxc4 Bxc5 28. dxc5 dxc4 29. Bb1 Rd8 30. Qc2 c3 31. Nxc3 bxc3 32. Bxc3 Nc6 33. Bb2 Rb8 34. Bd4 Qxb1+ 35. Qxb1 Rxb1+ 36. Kh2 Rb4 37. Bf6 Rxa4 38. f4 Rc4 39. Kg3 a5 40. Bb2 a4 41. Ba3 Rc3 42. Bb2 Rb3 43. Ba1 a3 44. Kg4 a2 45. e4 Rb1 46. Bc3 a1=Q 47. Bxa1 Rxa1 48. f5 Rc1 49. f6 Rxc5 50. Kf4 h6 51. g4 Kf8 52. h4 Ke8 53. g5 h5 54. e5 Kd7 55. Ke4 Rxe5+ 56. Kf4 Kd6 57. Kf3 Rd5 58. Kg3 Rd4 59. Kg2 Rxh4 60. Kf2 Rg4 61. Kf3 Rxg5 62. Ke3 Rf5 63. Ke4 Rxf6 0-1


[Site "https://www.chess.com"]

[Event "Titled Tuesday Blitz February 28 Early 2023"]
[White "Grieve, Harry"]
[Black "Zaichenko, Daria"]
[WhiteFideId "426520"]
[BlackFideId "4197453"]
[WhiteElo "2370"]
[BlackElo "2039"]
[Result "0-1"]
[Round "01"]
[TimeControl "180+2"]
[Date "2023.02.28"]
[WhiteClock "0:00:01"]
[BlackClock "0:00:28"]

1. d4 d5 2. Nf3 Nf6 3. c3 Bf5 4. Qb3 b6 5. Ne5 e6 6. e4 Bxe4 7. Bb5+ Nfd7 8. O-O Bd6 9. Nd2 Bg6 10. Ndf3 O-O 11. Bf4 Nxe5 12. dxe5 Be7 13. Bg3 c5 14. Qa4 c4 15. Qd1 Bc5 16. Nd4 Bd3 17. Re1 Bxd4 18. cxd4 a6 19. Ba4 b5 20. Bc2 Bxc2 21. Qxc2 Nc6 22. Qd2 Qe7 23. Qf4 Nb4 24. Red1 Nd3 25. Qd2 Qb4 26. Qxb4 Nxb4 27. Kf1 Rac8 28. Ke2 a5 29. f3 c3 30. bxc3 Rxc3 31. Be1 Rc2+ 32. Rd2 Rfc8 33. a3 Rxd2+ 34. Bxd2 Nc2 35. Ra2 Nxd4+ 36. Kd3 Nb3 37. Be3 a4 38. Rc2 Rxc2 39. Kxc2 Na5 40. Bc5 Nc6 41. f4 f6 42. exf6 gxf6 43. Kc3 Kg7 44. g4 Kg6 45. h3 h5 46. Bd6 e5 47. fxe5 fxe5 48. Kd3 hxg4 49. hxg4 Kg5 50. Bc7 Kxg4 51. Bb6 Kf3 0-1


[Site "https://www.chess.com"]

[Event "Titled Tuesday Blitz February 28 Early 2023"]
[White "Buscar, Michael"]
[Black "Klose, Eli"]
[WhiteFideId "2603616"]
[BlackFideId "16242955"]
[WhiteElo "2010"]
[BlackElo "2609"]
[Result "0-1"]
[Round "01"]
[TimeControl "180+2"]
[Date "2023.02.28"]
[WhiteClock "0:00:03"]
[BlackClock "0:00:04"]

1. d4 Nf6 2. c4 c5 3. e3 e6 4. Nf3 cxd4 5. exd4 d5 6. Nc3 Be7 7. Bd3 O-O 8. O-O dxc4 9. Bxc4 Nc6 10. a3 a6 11. Bd3 b5 12. Bc2 Bb7 13. Qd3 Rc8 14. Ne4 g6 15. Bh6 Re8 16. Nc5 Bxc5 17. dxc5 Qxd3 18. Bxd3 Ng4 19. Bg5 Nce5 20. Nxe5 Nxe5 21. Be2 Rxc5 22. Rac1 Rec8 23. Rxc5 Rxc5 24. Bf6 Nd7 25. Bc3 f6 26. Rd1 Rd5 27. Re1 Kf7 28. Bf3 Nb6 29. Bxd5 Nxd5 30. Bd4 e5 31. Bc5 Ke6 32. h4 Nf4 33. Rd1 Nxg2 34. Rd6+ Kf5 35. Rb6 Be4 36. Rxa6 Nxh4 37. Be7 Nf3+ 38. Kf1 Kg4 39. Bxf6 h5 40. a4 h4 41. Bxh4 Nxh4 42. axb5 Bd3+ 43. Ke1 Bxb5 44. Rb6 Bd3 45. Kd2 e4 46. Ke3 Ng2+ 47. Kd4 g5 48. b4 Kf3 49. Rf6+ Nf4 50. Rf5 g4 51. Ke5 Kxf2 52. Kxf4 g3 53. Kg4+ Kg2 54. Ra5 e3 55. Re5 e2 56. Re3 Kf2 57. Re7 g2 58. Rf7+ Kg1 59. Re7 Kh2 60. Rh7+ Bxh7 61. Kf3 g1=Q 0-1


[Site "https://www.chess.com"]

[Event "Titled Tuesday Blitz February 28 Early 2023"]
[White "Domingo Nunez, Ruben"]
[Black "Dilmukhametov, Artur"]
[WhiteFideId "22245570"]
[BlackFideId "24179922"]
[WhiteElo "2404"]
[BlackElo "2199"]
[Result "1-0"]
[Round "01"]
[TimeControl "180+2"]
[Date "2023.02.28"]
[WhiteClock "0:01:02"]
[BlackClock "0:01:48"]

1. e4 e6 2. Nf3 d5 3. Nc3 c5 4. Bb5+ Nc6 5. exd5 exd5 6. O-O Be7 7. d4 c4 8. Ne5 Bd7 9. Qf3 Nxe5 10. dxe5 Bxb5 11. Nxb5 a6 12. Nc3 Bc5 13. Nxd5 Ne7 14. Rd1 Nxd5 15. Rxd5 Qb6 16. Bg5 O-O 17. Rad1 Rfe8 18. h4 Rac8 19. Rd7 Rc7 20. Qxf7+ 1-0


[Site "https://www.chess.com"]

[Event "Titled Tuesday Blitz February 28 Early 2023"]
[White "Gharamian, Tigran"]
[Black "Crevatin, Leo"]
[WhiteFideId "13301527"]
[BlackFideId "1726307"]
[WhiteElo "2638"]
[BlackElo "2190"]
[Result "0-1"]
[Round "01"]
[TimeControl "180+2"]
[Date "2023.02.28"]
[WhiteClock "0:00:57"]
[BlackClock "0:00:41"]

1. d4 Nf6 2. c4 e6 3. Nf3 d5 4. Nc3 Bb4 5. e3 O-O 6. Bd2 Nbd7 7. Bd3 dxc4 8. Bxc4 Bd6 9. O-O e5 10. Nb5 e4 11. Nxd6 cxd6 12. Ne1 Nb6 13. Be2 Be6 14. f3 Nc4 15. Bc1 Re8 16. b3 Nb6 17. f4 Rc8 18. Ba3 Nbd5 19. f5 Nxe3 20. Qd2 Nxf1 21. Bxf1 Bxf5 22. Nc2 Nd5 23. Ne3 Nxe3 24. Qxe3 d5 25. Bb5 Re6 26. Rf1 Bg6 27. h3 h5 28. Rc1 Rxc1+ 29. Bxc1 Qa5 30. Qe2 e3 31. Bxe3 Qc3 32. Bd2 Qxd4+ 33. Qf2 Qxf2+ 34. Kxf2 Be4 35. Be3 a6 36. Be2 g6 37. g3 f6 38. Bd4 Kf7 39. h4 Rc6 40. Ke3 Rc2 41. a4 Ke6 42. b4 Ra2 43. a5 Ra4 44. Bc5 Ra3+ 45. Kf2 Ke5 46. Bb6 d4 47. Bc4 Rf3+ 48. Ke2 d3+ 49. Kd2 Kf5 50. Bc7 Rf2+ 51. Ke1 Rc2 0-1


[Site "https://www.chess.com"]

[Event "Titled Tuesday Blitz February 28 Early 2023"]
[White "Manukyan, Sargis A."]
[Black "Klepikov, Nikita"]
[WhiteFideId "13303970"]
[BlackFideId "24145220"]
[WhiteElo "2187"]
[BlackElo "2025"]
[Result "1-0"]
[Round "01"]
[TimeControl "180+2"]
[Date "2023.02.28"]
[WhiteClock "0:01:05"]
[BlackClock "0:00:08"]

1. d4 Nf6 2. c4 d6 3. Nc3 e5 4. dxe5 dxe5 5. Qxd8+ Kxd8 6. Bg5 Be6 7. O-O-O+ Nd7 8. e3 c6 9. Nf3 Kc7 10. Be2 Bb4 11. Bxf6 gxf6 12. Ne4 Rhg8 13. Nh4 b5 14. cxb5 cxb5 15. Bxb5 Be7 16. Ng3 Nc5 17. Nhf5 Bf8 18. Kb1 Rb8 19. Be2 Na4 20. Rc1+ Kd8 21. Rhd1+ Ke8 22. b3 Bb4 23. bxa4 Ba3+ 24. Bb5+ Kf8 25. Rc3 1-0


[Site "https://www.chess.com"]

[Event "Titled Tuesday Blitz February 28 Early 2023"]
[White "Sliwicki, Damian"]
[Black "Khumalo, Keith"]
[WhiteFideId "1127128"]
[BlackFideId "14319470"]
[WhiteElo "1988"]
[BlackElo "2056"]
[Result "1-0"]
[Round "01"]
[TimeControl "180+2"]
[Date "2023.02.28"]
[WhiteClock "0:00:43"]
[BlackClock "0:00:14"]

1. e4 c5 2. Nf3 d6 3. d4 cxd4 4. Qxd4 Nc6 5. Bb5 Bd7 6. Bxc6 Bxc6 7. Nc3 e6 8. Bg5 Nf6 9. O-O-O Be7 10. Kb1 O-O 11. Rhe1 Qc7 12. h4 Rfd8 13. g4 Nxg4 14. Rg1 h5 15. Qd2 b5 16. Nh2 Nxh2 17. Bh6 Ng4 18. Bxg7 Kxg7 19. f3 f5 20. fxg4 fxg4 21. Ne2 Rf8 22. Nf4 Rxf4 23. Qxf4 Rf8 24. Rxg4+ hxg4 25. Qxg4+ Bg5 26. Qxg5+ Kf7 27. Rf1+ Ke8 28. Qg6+ Qf7 29. Rxf7 Rxf7 30. Qxe6+ Kf8 31. Qxd6+ Kg7 32. b3 Bxe4 33. Qe5+ Rf6 34. Qxe4 1-0


[Site "https://www.chess.com"]

[Event "Titled Tuesday Blitz February 28 Early 2023"]
[White "Williams, Simon K"]
[Black "Melikhov, Evgeny V."]
[WhiteFideId "404454"]
[BlackFideId "4122046"]
[WhiteElo "2468"]
[BlackElo "2158"]
[Result "0-1"]
[Round "01"]
[TimeControl "180+2"]
[Date "2023.02.28"]
[WhiteClock "0:00:08"]
[BlackClock "0:00:03"]

1. d4 Nf6 2. Nc3 d5 3. Bf4 c5 4. e4 cxd4 5. Qxd4 Nc6 6. Bb5 Bd7 7. Bxc6 Bxc6 8. e5 Ne4 9. e6 fxe6 10. Nxe4 dxe4 11. Ne2 Qxd4 12. Nxd4 Kf7 13. Nxc6 bxc6 14. Be5 Rd8 15. Ke2 Rd5 16. Bc3 e5 17. Ke3 Ke6 18. Kxe4 g6 19. f4 Bg7 20. Rae1 Rhd8 21. Rhf1 Bf6 22. Kf3 h5 23. Re4 Kf5 24. Rfe1 exf4 25. Rxf4+ Kg5 26. h4+ Kh6 27. Bxf6 exf6 28. Rxf6 Rd2 29. Re2 Rd1 30. Rxc6 Rf8+ 31. Kg3 Rd4 32. Rc7 Rg4+ 33. Kh3 Rf1 34. g3 Rf3 35. Rg2 Rf1 36. Re7 Rh1+ 37. Rh2 Rg1 38. Re3 g5 39. hxg5+ Rxg5 40. b3 Rf5 41. Rg2 Rh1+ 42. Rh2 Rg1 43. Ree2 Kg5 44. Reg2 Rgf1 45. Re2 Rg1 46. c4 Rf3 47. Reg2 Rgf1 48. c5 h4 49. c6 Rc1 50. Rh1 Rxh1+ 51. Rh2 Rxg3# 0-1


[Site "https://www.chess.com"]

[Event "Titled Tuesday Blitz February 28 Early 2023"]
[White "Jiganchine, Roman"]
[Black "Kvaloy, Aksel Bu"]
[WhiteFideId "2603667"]
[BlackFideId "1528815"]
[WhiteElo "2277"]
[BlackElo "2208"]
[Result "0-1"]
[Round "01"]
[TimeControl "180+2"]
[Date "2023.02.28"]
[WhiteClock "0:00:57"]
[BlackClock "0:01:19"]

1. e4 e5 2. Nf3 Nf6 3. Nc3 Nc6 4. Bb5 Bb4 5. O-O O-O 6. Bxc6 Bxc3 7. Bxb7 Bxb7 8. bxc3 Nxe4 9. Nxe5 d6 10. Nd3 Qg5 11. f4 Qg6 12. Qf3 Rab8 13. Qh3 Rfe8 14. a4 Nc5 15. f5 Qf6 16. Nxc5 dxc5 17. Ba3 Re2 18. Rf2 Rbe8 19. Bxc5 Ba6 20. Bd4 Re1+ 21. Rxe1 Rxe1+ 22. Rf1 Rxf1# 0-1


[Site "https://www.chess.com"]

[Event "Titled Tuesday Blitz February 28 Early 2023"]
[White "Arabidze, Meri"]
[Black "Yayloyan, Konstantin"]
[WhiteFideId "13604040"]
[BlackFideId "13307088"]
[WhiteElo "2405"]
[BlackElo "2190"]
[Result "1/2-1/2"]
[Round "01"]
[TimeControl "180+2"]
[Date "2023.02.28"]
[WhiteClock "0:00:03"]
[BlackClock "0:00:21"]

1. d4 d6 2. Nf3 g6 3. g3 Bg7 4. Bg2 Nd7 5. O-O e5 6. Re1 Ngf6 7. e4 O-O 8. Nc3 c6 9. h3 Qc7 10. a4 b6 11. Be3 Bb7 12. Qd2 a6 13. Bh6 b5 14. Bxg7 Kxg7 15. Nh4 exd4 16. Qxd4 c5 17. Qd2 b4 18. Nd5 Bxd5 19. exd5 Rae8 20. c4 h6 21. b3 Rxe1+ 22. Rxe1 Re8 23. Rxe8 Nxe8 24. Qe3 Qd8 25. f4 Nef6 26. Nf3 Qe8 27. Qd2 Ne4 28. Qe1 f5 29. g4 Ndf6 30. gxf5 gxf5 31. Nh4 Qd7 32. Kh2 a5 33. Bxe4 Nxe4 34. Qg1+ Kf8 35. Qg6 Qf7 36. Qxh6+ Qg7 37. Qxg7+ Kxg7 38. Nxf5+ Kf6 39. Ng3 Nd2 40. f5 Nxb3 41. Ne4+ Kxf5 42. Nxd6+ Ke5 43. Nb7 Nd2 44. Nxa5 b3 45. Nxb3 Nxb3 46. h4 Na5 47. h5 Nxc4 48. h6 Kf6 49. Kg3 Kg6 50. Kf4 Kxh6 51. d6 Nxd6 52. Ke5 Nb7 53. Kd5 Kg6 54. a5 Nxa5 55. Kxc5 1/2-1/2


[Site "https://www.chess.com"]

[Event "Titled Tuesday Blitz February 28 Early 2023"]
[White "Martin, Lewis"]
[Black "Poliakova, Varvara"]
[WhiteFideId "410551"]
[BlackFideId "13518313"]
[WhiteElo "2145"]
[BlackElo "2075"]
[Result "0-1"]
[Round "01"]
[TimeControl "180+2"]
[Date "2023.02.28"]
[WhiteClock "0:00:22"]
[BlackClock "0:00:47"]

1. e4 e5 2. Nf3 Nc6 3. Bb5 a6 4. Ba4 Nf6 5. O-O Be7 6. Re1 b5 7. Bb3 d6 8. c3 O-O 9. a4 Bb7 10. d3 h6 11. Nbd2 Re8 12. Nf1 Bf8 13. Ng3 g6 14. h3 Bg7 15. Be3 d5 16. exd5 Nxd5 17. Bd2 Nf4 18. Bxf4 exf4 19. Ne4 b4 20. Qd2 g5 21. Nc5 bxc3 22. bxc3 Bc8 23. Rxe8+ Qxe8 24. Re1 Qf8 25. d4 Bf5 26. Bd5 Qd6 27. Qa2 Bg6 28. Qc4 Rd8 29. Be4 Bxe4 30. Rxe4 Rb8 31. Re1 Ne7 32. Ne4 Qc6 33. Qd3 Qg6 34. Qc4 Qc6 35. Qd3 Nd5 36. c4 Nb4 37. Qc3 a5 38. Nc5 Qg6 39. Ne5 Qc2 40. Qxc2 Nxc2 41. Rd1 Nxd4 42. Ned7 Rb2 43. Nd3 Ra2 44. N7c5 Kh7 45. Kf1 Rc2 46. Nb7 Rxc4 47. Nxa5 Rxa4 48. Nb7 Ra2 49. Nbc5 Rc2 50. Kg1 Ne2+ 51. Kh2 Nc3 52. Re1 Bd4 53. Re7 Kg6 54. Rxc7 Nd1 55. Rc6+ Kh7 56. Rc7 Nxf2 57. Nxf2 Bxf2 58. Rxf7+ Kg6 0-1


[Site "https://www.chess.com"]

[Event "Titled Tuesday Blitz February 28 Early 2023"]
[White "Al-Tarboush, Ward"]
[Black "Kaufman, Raymond"]
[WhiteFideId "7601450"]
[BlackFideId "2015056"]
[WhiteElo "2267"]
[BlackElo "2321"]
[Result "1-0"]
[Round "01"]
[TimeControl "180+2"]
[Date "2023.02.28"]
[WhiteClock "0:00:36"]
[BlackClock "0:00:38"]

1. e4 e5 2. Nf3 Nc6 3. Bb5 a6 4. Ba4 f5 5. d4 exd4 6. e5 b5 7. Bb3 Bb7 8. O-O Na5 9. Bxg8 Rxg8 10. Nxd4 Qe7 11. Nxf5 Qe6 12. Nd4 Qd5 13. Qg4 O-O-O 14. Nc3 Qxe5 15. Bg5 Re8 16. Rad1 Bd6 17. f4 Qe3+ 18. Kh1 h5 19. Qh4 Rgf8 20. Rfe1 1-0


[Site "https://www.chess.com"]

[Event "Titled Tuesday Blitz February 28 Early 2023"]
[White "Herbst, Richard"]
[Black "Souleidis, Georgios"]
[WhiteFideId "2041251"]
[BlackFideId "4206827"]
[WhiteElo "2141"]
[BlackElo "2401"]
[Result "1/2-1/2"]
[Round "01"]
[TimeControl "180+2"]
[Date "2023.02.28"]
[WhiteClock "0:00:03"]
[BlackClock "0:00:05"]

1. e4 c5 2. Nf3 e6 3. g3 Nc6 4. Bg2 Nf6 5. d3 d5 6. Nbd2 Be7 7. O-O O-O 8. Re1 dxe4 9. dxe4 Qc7 10. Qe2 b6 11. c3 a5 12. e5 Nd5 13. c4 Ndb4 14. Nf1 Rd8 15. Bf4 Nd3 16. Red1 Nxf4 17. gxf4 Bb7 18. Ng3 g6 19. h4 Rxd1+ 20. Rxd1 Rd8 21. h5 Kg7 22. Rxd8 Qxd8 23. hxg6 hxg6 24. Ne4 Nd4 25. Qe3 Nf5 26. Qe2 Qa8 27. Nfd2 Nd4 28. Qd3 Bc6 29. b3 a4 30. Bh3 axb3 31. axb3 Qa1+ 32. Kh2 Qe1 33. Qe3 Qd1 34. Bg2 Bxe4 35. Bxe4 Qe2 36. Bg2 Qd1 37. Kg3 Nc2 38. Qd3 Nd4 39. Qe3 Qc2 40. Be4 Qd1 41. Bg2 1/2-1/2


[Site "https://www.chess.com"]

[Event "Titled Tuesday Blitz February 28 Early 2023"]
[White "Sai Han Thiha"]
[Black "Levitan, Caleb Levi"]
[WhiteFideId "13012290"]
[BlackFideId "14332620"]
[WhiteElo "1954"]
[BlackElo "1963"]
[Result "0-1"]
[Round "01"]
[TimeControl "180+2"]
[Date "2023.02.28"]
[WhiteClock "0:00:02"]
[BlackClock "0:00:04"]

1. d4 Nf6 2. c4 e6 3. Nf3 d5 4. Nc3 Bb4 5. Qa4+ Nc6 6. cxd5 exd5 7. Bg5 h6 8. Bxf6 Qxf6 9. e3 O-O 10. Be2 a6 11. a3 Bxc3+ 12. bxc3 b5 13. Qb3 Be6 14. a4 Na5 15. Qa2 Nc4 16. O-O c6 17. Bxc4 bxc4 18. a5 Rfb8 19. Rab1 Bf5 20. Rb6 Qd8 21. Rxc6 Rb5 22. Rc5 Rxc5 23. dxc5 Qc7 24. Nd4 Bd3 25. Re1 Qxc5 26. Qb2 Qxa5 27. Ra1 Qc7 28. g3 a5 29. Qb5 Be4 30. f3 Bd3 31. Qxd5 Qe7 32. Qxa8+ Kh7 33. e4 Qg5 34. Nf5 g6 35. f4 Qf6 36. Nd4 Qe7 37. e5 g5 38. Qd5 gxf4 39. gxf4 f6 40. Kf2 fxe5 41. Qxe5 Qh4+ 42. Ke3 Qh3+ 43. Nf3 Qg2 44. Qc7+ Kh8 0-1


[Site "https://www.chess.com"]

[Event "Titled Tuesday Blitz February 28 Early 2023"]
[White "Lopez Del Alamo, Antonio"]
[Black "Atanasov, Anthony"]
[WhiteFideId "2227339"]
[BlackFideId "2623897"]
[WhiteElo "2175"]
[BlackElo "2070"]
[Result "1-0"]
[Round "01"]
[TimeControl "180+2"]
[Date "2023.02.28"]
[WhiteClock "0:01:07"]
[BlackClock "0:00:50"]

1. e4 e5 2. Bc4 Nf6 3. d3 c6 4. Nf3 d5 5. Bb3 Bb4+ 6. c3 Bd6 7. Nbd2 h6 8. O-O Be6 9. Re1 Nbd7 10. d4 Nxe4 11. Nxe4 exd4 12. Nxd6+ Ke7 13. Nf5+ Kf8 14. N3xd4 Nc5 15. Nxe6+ fxe6 16. Nd4 Qf6 17. Qf3 Ke7 18. Bc2 e5 19. Nb3 Nd7 20. Qxf6+ gxf6 21. Be3 Ke6 22. Rad1 Rhg8 23. g3 a5 24. f4 a4 25. Nd2 a3 26. b3 e4 27. Nxe4 dxe4 28. Bxe4 f5 29. Bf3 Nf6 30. Bc5+ Kf7 31. Re7+ Kg6 32. Rd6 Rad8 33. Ree6 Rxd6 34. Rxd6 Kf7 35. Be2 b5 36. Rxc6 Re8 37. Bxb5 Re1+ 38. Kf2 Ra1 39. Bc4+ Kg6 40. Bd4 Rxa2+ 41. Kf3 Rxh2 42. Rxf6+ Kh5 43. Bf7# 1-0


[Site "https://www.chess.com"]

[Event "Titled Tuesday Blitz February 28 Early 2023"]
[White "Chylewski, Patryk"]
[Black "Prieto Aranguren, Alain"]
[WhiteFideId "1186191"]
[BlackFideId "2268906"]
[WhiteElo "2163"]
[BlackElo "2209"]
[Result "0-1"]
[Round "01"]
[TimeControl "180+2"]
[Date "2023.02.28"]
[WhiteClock "0:00:34"]
[BlackClock "0:00:46"]

1. e4 c6 2. d4 d5 3. exd5 cxd5 4. Bd3 Nc6 5. c3 Qc7 6. Ne2 Bg4 7. O-O e6 8. Qe1 Nf6 9. f3 Bh5 10. Qh4 h6 11. Ng3 Bg6 12. Bxg6 fxg6 13. Nd2 Bd6 14. f4 O-O-O 15. Qh3 Rde8 16. Nb3 g5 17. Ne2 g4 18. Qh4 h5 19. Bd2 Ne4 20. Rae1 Be7 21. Qxe7 Nxe7 22. Bc1 Nf5 23. Rd1 h4 24. Rfe1 g3 25. h3 Nf2 26. Rd2 Rhf8 27. Nc5 b6 28. Nd3 Ne3 29. b3 g5 30. fxg5 Rf5 31. Ne5 Ref8 32. Ba3 Rg8 33. c4 Rxe5 34. dxe5 Qxe5 35. Nd4 Qe4 36. Nf3 Nxh3+ 37. Kh1 Nf2+ 38. Kg1 h3 39. gxh3 Qxf3 0-1


[Site "https://www.chess.com"]

[Event "Titled Tuesday Blitz February 28 Early 2023"]
[White "De Souza, Cristiano Gomes"]
[Black "Derix, Bernhard"]
[WhiteFideId "2151758"]
[BlackFideId "4642368"]
[WhiteElo "2068"]
[BlackElo "2600"]
[Result "0-1"]
[Round "01"]
[TimeControl "180+2"]
[Date "2023.02.28"]
[WhiteClock "0:00:17"]
[BlackClock "0:01:52"]

1. d4 Nf6 2. c4 g6 3. Nf3 Bg7 4. Nc3 d6 5. e4 O-O 6. Be2 e5 7. O-O Na6 8. Be3 Ng4 9. Bg5 Qe8 10. d5 f5 11. Nd2 Nf6 12. f3 Nh5 13. Be3 Nf4 14. Bxf4 exf4 15. Rc1 Bd7 16. a3 Qe7 17. b4 Bd4+ 18. Kh1 Be3 19. Rc2 Rae8 20. Nb3 Qh4 21. Qe1 Qh5 22. Nb5 g5 23. N3d4 Rf6 24. Bd3 Qxh2+ 25. Kxh2 Rh6+ 0-1


[Site "https://www.chess.com"]

[Event "Titled Tuesday Blitz February 28 Early 2023"]
[White "Czopor, Maciej"]
[Black "Da Silva Borges, Rodrigo"]
[WhiteFideId "21805431"]
[BlackFideId "2115778"]
[WhiteElo "2324"]
[BlackElo "2099"]
[Result "1-0"]
[Round "01"]
[TimeControl "180+2"]
[Date "2023.02.28"]
[WhiteClock "0:01:50"]
[BlackClock "0:00:51"]

1. c4 e5 2. Nc3 Nc6 3. e3 Nf6 4. a3 d5 5. cxd5 Nxd5 6. Qc2 Be7 7. Nf3 O-O 8. Be2 Be6 9. O-O f6 10. b4 Nxc3 11. Qxc3 Qd7 12. Bb2 a6 13. d3 Rfd8 14. Rac1 Rac8 15. Rfd1 Bf8 16. Nd2 Qf7 17. Ne4 Ne7 18. Nc5 Nd5 19. Qc2 Bxc5 20. Qxc5 c6 21. Bf3 Ne7 22. d4 exd4 23. Rxd4 Rxd4 24. Bxd4 Bd5 25. Be2 Qg6 26. Bf1 Nf5 27. Qxd5+ cxd5 28. Rxc8+ Kf7 29. Rc7+ Ke6 30. Bc5 Nd6 31. Bxd6 Kxd6 32. Rxb7 a5 33. bxa5 Qc2 34. a6 Qa4 35. a7 Qxa3 36. Rb6+ 1-0


[Site "https://www.chess.com"]

[Event "Titled Tuesday Blitz February 28 Early 2023"]
[White "Einarsson, Halldor Gretar"]
[Black "Odegov, Artem"]
[WhiteFideId "2300150"]
[BlackFideId "34183644"]
[WhiteElo "2126"]
[BlackElo "2300"]
[Result "0-1"]
[Round "01"]
[TimeControl "180+2"]
[Date "2023.02.28"]
[WhiteClock "0:00:03"]
[BlackClock "0:01:51"]

1. d4 Nf6 2. c4 e6 3. g3 d5 4. Nf3 c5 5. cxd5 exd5 6. Bg2 Nc6 7. O-O Be7 8. Nc3 O-O 9. Bg5 c4 10. Ne5 Be6 11. Nxc6 bxc6 12. b3 cxb3 13. axb3 a5 14. Na4 h6 15. Bxf6 Bxf6 16. Rc1 Qd6 17. Qd3 Rab8 18. Rc5 Rb4 19. e3 Rfb8 20. Rb1 g6 21. Qc3 Rxa4 22. Rxc6 Qd7 23. Rc7 Qd8 24. bxa4 Rxb1+ 0-1


[Site "https://www.chess.com"]

[Event "Titled Tuesday Blitz February 28 Early 2023"]
[White "Maltsevskaya, Aleksandra"]
[Black "Sohier, Julien"]
[WhiteFideId "24174041"]
[BlackFideId "645346"]
[WhiteElo "2302"]
[BlackElo "2209"]
[Result "1-0"]
[Round "01"]
[TimeControl "180+2"]
[Date "2023.02.28"]
[WhiteClock "0:01:51"]
[BlackClock "0:00:39"]

1. Nf3 d5 2. g3 g6 3. Bg2 Bg7 4. O-O Nf6 5. d3 O-O 6. Nbd2 c5 7. e4 dxe4 8. dxe4 Nc6 9. h3 e5 10. c3 Qe7 11. Qe2 a5 12. Nc4 Nd7 13. Ne3 Nf6 14. Nd5 Nxd5 15. exd5 Nd8 16. Re1 Re8 17. Nd2 Qc7 18. Nc4 Ra6 19. d6 Rxd6 20. Nxd6 Qxd6 21. Bg5 Nc6 22. Rad1 Qc7 23. Bd5 Bxh3 24. Qc4 b6 25. Qh4 Be6 26. Bf6 Bxd5 27. Rxd5 Bxf6 28. Qxf6 Re6 29. Qg5 Kg7 30. Red1 Re7 31. Rd6 Nb8 32. Qf6+ Kh6 33. Kg2 Qb7+ 34. f3 1-0


[Site "https://www.chess.com"]

[Event "Titled Tuesday Blitz February 28 Early 2023"]
[White "Kohler, Aran"]
[Black "Martynov, Pavel"]
[WhiteFideId "1002856"]
[BlackFideId "4101260"]
[WhiteElo "2255"]
[BlackElo "2314"]
[Result "0-1"]
[Round "01"]
[TimeControl "180+2"]
[Date "2023.02.28"]
[WhiteClock "0:00:18"]
[BlackClock "0:00:26"]

1. d4 d5 2. Nf3 e6 3. Bf4 c5 4. c3 Nc6 5. e3 Bd6 6. Bg3 Nf6 7. Nbd2 Bxg3 8. hxg3 Qd6 9. Bd3 e5 10. dxe5 Nxe5 11. Nxe5 Qxe5 12. Qc2 h6 13. O-O-O Bd7 14. e4 O-O-O 15. f4 Qc7 16. e5 Ng4 17. Nf3 Ne3 18. Qe2 Nxd1 19. Rxd1 Bg4 20. Qc2 Kb8 21. Bf5 h5 22. Bxg4 hxg4 23. Nh4 g6 24. Qe2 d4 25. c4 d3 26. Rxd3 Rxd3 27. Qxd3 Rd8 28. Qe2 Qa5 29. a3 Qa4 30. e6 fxe6 31. Nxg6 Qb3 32. Ne5 Qxg3 33. Qxg4 Qe1+ 34. Kc2 Rd2+ 35. Kb3 Qe3+ 36. Ka2 a6 37. Qg8+ Ka7 38. Qd8 Rxd8 0-1


[Site "https://www.chess.com"]

[Event "Titled Tuesday Blitz February 28 Early 2023"]
[White "Tan, Jun Ying"]
[Black "parintele_chess"]
[WhiteFideId "5710413"]
[WhiteElo "2089"]
[BlackElo "2255"]
[Result "1-0"]
[Round "01"]
[TimeControl "180+2"]
[Date "2023.02.28"]
[WhiteClock "0:02:05"]
[BlackClock "0:02:07"]

1. d4 d5 2. c4 e6 3. Nc3 a6 4. cxd5 exd5 5. Nf3 Nf6 6. Bg5 Be7 7. e3 O-O 8. Bd3 c6 9. Qc2 h6 10. Bh4 Be6 11. O-O Nbd7 12. Rab1 a5 13. a3 Bg4 14. Nd2 Re8 15. b4 axb4 16. axb4 Nf8 17. b5 Bd7 18. bxc6 bxc6 19. Na4 Ne6 20. Rfc1 Nh5 21. Bxe7 Qxe7 22. Nb6 Ra6 23. Bxa6 1-0


[Site "https://www.chess.com"]

[Event "Titled Tuesday Blitz February 28 Early 2023"]
[White "Bulatova, Kamaliya"]
[Black "Gabdrakhmanov, Azat"]
[WhiteFideId "34111546"]
[BlackFideId "34189197"]
[WhiteElo "2039"]
[BlackElo "2315"]
[Result "0-1"]
[Round "01"]
[TimeControl "180+2"]
[Date "2023.02.28"]
[WhiteClock "0:00:53"]
[BlackClock "0:00:37"]

1. d4 Nf6 2. c4 g6 3. Nc3 Bg7 4. e4 O-O 5. Be2 d6 6. f3 a6 7. Be3 c6 8. Qd2 b5 9. cxb5 axb5 10. Bd3 Nbd7 11. Nge2 b4 12. Nd1 c5 13. O-O cxd4 14. Nxd4 Nc5 15. Nc6 Qc7 16. Nxb4 Be6 17. Nc3 Rfb8 18. Nb5 Qa5 19. Rad1 Nxd3 20. Qxd3 Qxb4 21. Nc7 Bc4 22. Qd4 Rxa2 23. Rf2 Ng4 24. Qd2 Nxf2 25. Qxb4 Rxb4 26. Bxf2 0-1


[Site "https://www.chess.com"]